 Dungeon Crawl Stone Soup version 0.21.0-3-g78d12a8bdd (webtiles) character file.

29274 Pixllover the Severer (level 13, -5/175 HPs)
             Began as a Minotaur Berserker on Jan 13, 2018.
             Was the Champion of Trog.
             Slain by an enormous slime creature (28 damage)
             ... on level 14 of the Dungeon.
             The game lasted 00:46:46 (15147 turns).

Pixllover the Severer (Minotaur Berserker)         Turns: 15147, Time: 00:46:46

Health: -5/175     AC: 21    Str: 32    XL:     13   Next: 14%
Magic:  12/12      EV: 12    Int:  4    God:    Trog [******]
Gold:   885        SH:  0    Dex: 10    Spells: 12/12 levels left

rFire    . . .     SeeInvis .   H - +3 battleaxe (venom)
rCold    . . .     Gourm    +   (shield currently unavailable)
rNeg     + . .     Faith    .   h - +1 chain mail
rPois    .         Spirit   .   (helmet restricted)
rElec    .         Reflect  .   C - +1 cloak {MR+}
rCorr    .         Harm     .   K - +2 pair of gloves
MR       +....                  q - +0 pair of boots
Stlth    ..........             e - amulet of the gourmand
HPRegen  0.39/turn              g - ring of positive energy
MPRegen  0.13/turn              (no ring)

@: berserking, very quick
A: retaliatory headbutt, horns 2
a: Berserk, Trog's Hand, Brothers in Arms, Burn Spellbooks, Renounce Religion


You were on level 14 of the Dungeon.
You worshipped Trog.
Trog was exalted by your worship.
You were full.

You visited 2 branches of the dungeon, and saw 15 of its levels.
You also visited: Sewer.

You collected 885 gold pieces.

Inventory:

Hand Weapons
 v - a +3 broad axe of chopping
 H - a +3 battleaxe of venom (weapon)
Missiles
 B - a tomahawk of returning (quivered)
 D - 12 javelins of penetration
 F - 5 steel javelins
 L - 6 exploding tomahawks
Armour
 h - a +1 chain mail (worn)
 q - a +0 pair of boots (worn)
 C - a +1 cloak of magic resistance (worn)
 K - a +2 pair of gloves (worn)
Jewellery
 e - an amulet of the gourmand (around neck)
 g - a ring of positive energy (left hand)
Wands
 f - a wand of paralysis (12)
 j - a wand of flame (42)
 n - a wand of polymorph (17)
 y - a wand of random effects (51)
 A - a wand of clouds (2)
 G - a wand of digging (7)
Scrolls
 k - 5 scrolls of fog
 r - 12 scrolls of teleportation
 u - 9 scrolls of remove curse
 w - 2 scrolls of magic mapping
 I - 4 scrolls of identify
 J - 6 scrolls of enchant armour
Potions
 a - a potion of magic
 d - a potion of flight
 i - a potion of resistance {unknown}
 m - 9 potions of curing
 o - 2 potions of heal wounds
 s - 3 potions of might
 t - 4 potions of haste
 x - a potion of ambrosia
 z - a potion of berserk rage {unknown}
 M - a potion of lignification
Miscellaneous
 b - a phantom mirror
 l - a phial of floods
Comestibles
 c - 30 rations


   Skills:
 + Level 11.8 Fighting
 + Level 15.9(16.1) Axes
   Level 4.4(11.5) Maces & Flails
   Level 1.0(3.0) Staves
 + Level 7.9 Throwing
 + Level 12.4 Armour
 + Level 6.6 Dodging
 + Level 3.9 Stealth
 + Level 1.0 Evocations


You had 12 spell levels left.
You didn't know any spells.

Dungeon Overview and Level Annotations

Branches:
Dungeon (14/15)            Temple (1/1) D:7            Lair (0/6) D:8
    Orc (0/2) D:11
 Vaults: D:13-14

Altars:
Ashenzari
Cheibriados
Dithmenos
Elyvilon
Fedhas
Gozag
Hepliaklqana
Kikubaaqudgha
Makhleb
Nemelex Xobeh
Okawaru
Qazlal
Ru
Sif Muna
Trog
Uskayaw
Vehumet
Wu Jian
Xom
Yredelemnul
Zin
The Shining One

Shops:
D:11 ::


Innate Abilities, Weirdness & Mutations

You reflexively headbutt those who attack you in melee.
You have a pair of horns on your head.


Message History

You feel much better.
The wolf spider zombie closely misses you.
The wolf spider zombie bites you.
A red film seems to cover your vision as you go berserk!
You feel yourself moving faster!
You feel mighty!
The wolf spider zombie hits you but does no damage.
The wolf spider zombie bites you but does no damage.
The enormous slime creature hits you!!
* * * LOW HITPOINT WARNING * * *
You slice the enormous slime creature!!
Your headbutt misses the enormous slime creature.
The enormous slime creature is moderately wounded.
You barely miss the wolf spider zombie.
The wolf spider zombie hits you but does no damage.
The wolf spider zombie bites you but does no damage.
You completely miss the enormous slime creature.
You headbutt the enormous slime creature.
The enormous slime creature is moderately wounded.
You barely miss the wolf spider zombie. The enormous slime creature hits you!!
You die...

#.....)..# ####+##
#........# #####......
#........# #...'.<....
#......).###.###......
#......)(#...# #......
#......)))(### #......
#.....)).### #......
#........# ##+####
#####@#### #JZ# ##J#
l. #.# .. ... ...#


You could see an enormous slime creature, a slime creature, an iguana and a wolf
spider zombie.

Vanquished Creatures
  Erolcha (D:10)
  A death knight (D:11)
  A hydra (D:12)
  7 two-headed ogres
  3 centaur warriors
  3 skeletal warriors (D:14)
  A wolf spider zombie (D:13)
  2 deep elf magi
  A manticore (D:13)
  A cyclops (D:13)
  3 ugly things
  Joseph (D:10)
  A komodo dragon (D:8)
  A troll (D:12)
  The ghost of Somebody the Reanimator, a novice DEWn (D:5)
  Grinder (D:3)
  2 hornets
  A slime creature (D:14)
  4 hippogriffs
  2 shadows
  12 yaks
  2 wraiths
  Sigmund (D:3)
  A vampire (D:10)
  4 vampire mosquitoes (D:12)
  4 hungry ghosts
  Menkaure (D:6)
  A two-headed ogre zombie (D:11)
  A warg (D:9)
  Edmund (D:6)
  2 water moccasins
  3 black bears
  3 ice beasts
  5 orc warriors
  2 sky beasts
  Duvessa (D:7)
  3 phantoms
  12 centaurs
  6 ogres
  A crocodile (D:10)
  A big kobold (D:8)
  6 bullfrogs
  A wyvern zombie (D:12)
  Blork the orc (D:6)
  2 gnoll sergeants
  Dowan (D:7)
  2 scorpions
  A water moccasin skeleton (D:9)
  2 troll zombies (D:11)
  5 wights (D:10)
  2 howler monkeys
  7 crimson imps
  8 hounds
  3 jellies
  2 bullfrog skeletons
  5 orc priests
  Crazy Yiuf (D:5)
  4 centaur skeletons
  Jessica (D:3)
  4 orc wizards
  4 iguanas
  5 worker ants
  A killer bee zombie (D:6)
  5 ogre zombies (D:11)
  A hound zombie (D:11)
  Robin (D:2)
  12 gnolls
  12 adders
  5 shadow imps
  2 oozes
  2 adder skeletons (D:5)
  An adder zombie (D:5)
  A worm (D:3)
  3 dart slugs
  7 leopard geckos
  39 orcs
  10 giant cockroaches
  17 goblins
  9 hobgoblins
  15 jackals
  14 kobolds
  3 quokkas
  7 ball pythons
  9 bats
  12 frilled lizards
  5 goblin zombies (D:11)
  2 hobgoblin skeletons (D:11)
  3 hobgoblin zombies (D:11)
  A jackal skeleton (D:4)
  4 leopard gecko skeletons
  4 orc skeletons (D:11)
  9 orc zombies (D:11)
  A quokka skeleton (D:5)
  9 rats
  3 plants (D:8)
401 creatures vanquished.

Vanquished Creatures (collateral kills)
  A big kobold (D:9)
  5 kobolds (D:9)
6 creatures vanquished.

Vanquished Creatures (others)
  2 plants (D:8)
2 creatures vanquished.

Grand Total: 409 creatures vanquished

Notes
Turn   | Place    | Note
-------+----------+-------------------------------------------
     0 | D:1      | Pixllover the Minotaur Berserker began the quest for the Orb.
     0 | D:1      | Reached XP level 1. HP: 19/19 MP: 0/0
    94 | D:1      | Reached skill level 4 in Axes
   154 | D:1      | Reached XP level 2. HP: 27/27 MP: 1/1
   553 | D:1      | Reached ** piety under Trog
   553 | D:1      | Reached XP level 3. HP: 34/34 MP: 2/2
   931 | D:2      | Found an ancient bone altar of Kikubaaqudgha.
   956 | D:2      | Reached XP level 4. HP: 41/41 MP: 3/3
  1222 | D:2      | Found a burning altar of Makhleb.
  1273 | D:2      | Reached skill level 5 in Axes
  1549 | D:2      | Noticed Robin
  1566 | D:2      | Reached *** piety under Trog
  1568 | D:2      | Killed Robin
  1735 | D:2      | Found a glowing silver altar of Zin.
  1902 | D:3      | Reached XP level 5. HP: 45/47 MP: 4/4
  1975 | D:3      | Reached skill level 5 in Fighting
  1977 | D:3      | Reached skill level 6 in Axes
  2074 | D:3      | Noticed Jessica
  2078 | D:3      | Killed Jessica
  2092 | D:3      | Reached XP level 6. HP: 39/56 MP: 5/5
  2122 | D:3      | Noticed Grinder
  2135 | D:3      | Killed Grinder
  2135 | D:3      | Reached skill level 7 in Axes
  2166 | D:3      | Found a glowing drain.
  2189 | Sewer    | Entered a sewer
  2275 | Sewer    | Reached **** piety under Trog
  2275 | Sewer    | Reached XP level 7. HP: 48/61 MP: 6/6
  2732 | D:3      | Found a snail-covered altar of Cheibriados.
  2762 | D:3      | Noticed Sigmund
  2771 | D:3      | Killed Sigmund
  3673 | D:4      | Found a bloodstained altar of Trog.
  3689 | D:4      | Reached skill level 5 in Armour
  4136 | D:5      | Entered Level 5 of the Dungeon
  4137 | D:5      | Reached skill level 8 in Axes
  4416 | D:5      | Reached XP level 8. HP: 67/70 MP: 7/7
  4439 | D:5      | Found a shadowy altar of Dithmenos.
  4639 | D:5      | Noticed Somebody's ghost (novice DEWn)
  4644 | D:5      | Killed Somebody's ghost
  4644 | D:5      | Reached skill level 9 in Axes
  4644 | D:5      | Reached skill level 1 in Stealth
  4768 | D:5      | Reached ***** piety under Trog
  5114 | D:5      | Found a deep blue altar of Sif Muna.
  5228 | D:5      | Found a runed door.
  5233 | D:5      | Noticed Crazy Yiuf
  5237 | D:5      | Killed Crazy Yiuf
  5535 | D:6      | Noticed Blork the orc
  5543 | D:6      | Killed Blork the orc
  5563 | D:6      | Noticed Menkaure
  5570 | D:6      | Killed Menkaure
  5570 | D:6      | Reached skill level 1 in Staves
  5678 | D:6      | Reached skill level 10 in Axes
  5785 | D:6      | Reached XP level 9. HP: 79/79 MP: 8/8
  5909 | D:6      | Found a basalt altar of Yredelemnul.
  6211 | D:6      | Noticed Edmund
  6220 | D:6      | Killed Edmund
  6708 | D:7      | Found a staircase to the Ecumenical Temple.
  6714 | Temple   | Entered the Ecumenical Temple
  6999 | D:7      | Received a gift from Trog
  7460 | D:7      | Reached skill level 11 in Axes
  7784 | D:7      | Noticed Duvessa
  7784 | D:7      | Noticed Dowan
  7791 | D:7      | Killed Duvessa
  7795 | D:7      | Killed Dowan
  7967 | D:7      | Reached skill level 12 in Axes
  7967 | D:7      | Reached XP level 10. HP: 91/91 MP: 9/9
  8148 | D:8      | Reached skill level 10 in Armour
  8246 | D:8      | Found a blossoming altar of Fedhas.
  8470 | D:8      | Found a staircase to the Lair.
  8728 | D:8      | Noticed a two-headed ogre
  8738 | D:8      | Killed a two-headed ogre
  8738 | D:8      | Reached XP level 11. HP: 99/99 MP: 10/10
  8742 | D:8      | Noticed a two-headed ogre
  8747 | D:8      | Killed a two-headed ogre
  8747 | D:8      | Reached skill level 10 in Fighting
  9027 | D:8      | Found a sparkling altar of Nemelex Xobeh.
  9039 | D:8      | Found a shimmering altar of Xom.
  9489 | D:9      | Found a radiant altar of Vehumet.
  9625 | D:9      | Received a gift from Trog
  9727 | D:9      | Paralysed by a hornet for 1 turns
 10105 | D:9      | Reached skill level 13 in Axes
 10227 | D:10     | Entered Level 10 of the Dungeon
 10458 | D:10     | Noticed Erolcha
 10459 | D:10     | Noticed a two-headed ogre
 10466 | D:10     | Killed a two-headed ogre
 10467 | D:10     | Killed Erolcha
 10470 | D:10     | Reached skill level 1 in Evocations
 10552 | D:10     | Noticed Joseph
 10566 | D:10     | Killed Joseph
 11021 | D:11     | Noticed a purple ugly thing
 11030 | D:11     | Killed a purple ugly thing
 11110 | D:11     | Found Mashrabb's Book Shoppe.
 11170 | D:11     | Reached skill level 14 in Axes
 11229 | D:11     | Received a gift from Trog
 11579 | D:11     | Received a gift from Trog
 11587 | D:11     | Found a staircase to the Orcish Mines.
 11735 | D:11     | Found Erefuic's Book Shop.
 11847 | D:11     | Noticed a death knight
 11865 | D:11     | Killed a death knight
 12299 | D:12     | Noticed a two-headed ogre
 12307 | D:12     | Noticed a two-headed ogre
 12307 | D:12     | Killed a two-headed ogre
 12307 | D:12     | Reached ****** piety under Trog
 12307 | D:12     | Reached XP level 12. HP: 87/108 MP: 11/11
 12314 | D:12     | Killed a two-headed ogre
 12314 | D:12     | Reached skill level 5 in Throwing
 12317 | D:12     | Identified Satut's Volume of Fetching Clay
 12384 | D:12     | Noticed a centaur warrior
 12395 | D:12     | Killed a centaur warrior
 12777 | D:12     | Noticed a six-headed hydra
 12781 | D:12     | Killed a seven-headed hydra
 12807 | D:12     | Received a gift from Trog
 13059 | D:12     | Reached skill level 15 in Axes
 14054 | D:13     | Noticed a two-headed ogre
 14058 | D:13     | Killed a two-headed ogre
 14180 | D:13     | Noticed a centaur warrior
 14184 | D:13     | Killed a centaur warrior
 14211 | D:13     | Noticed a two-headed ogre
 14216 | D:13     | Killed a two-headed ogre
 14216 | D:13     | Received a gift from Trog
 14963 | D:14     | Noticed a centaur warrior
 14970 | D:14     | Killed a centaur warrior
 14970 | D:14     | Reached XP level 13. HP: 116/116 MP: 12/12
 14977 | D:14     | Received a gift from Trog
 15147 | D:14     | Slain by an enormous slime creature

Skill      XL: |  1  2  3  4  5  6  7  8  9 10 11 12 |
---------------+-------------------------------------+-----
Axes           | 4 5 6 7 8 10 12 14 15 | 15.9
Fighting       | 4 5 6 7 9 10 11 | 11.8
Armour         | 3 4 5 7 9 10 11 12 | 12.4
Dodging        | 3 6 |  6.6
Stealth        | 1 3 |  3.9
Staves         | 1 |  1.0
Maces & Flails | 4 |  4.4
Throwing       | 3 4 7 |  7.9
Evocations     | 1 |  1.0

Action                   |  1- 3 |  4- 6 |  7- 9 | 10-12 | 13-15 || total
-------------------------+-------+-------+-------+-------+-------++-------
Melee: Hand axe          |    73 |   110 |   101 |       |       ||   284
       Headbutt          |     9 |    16 |    47 |    74 |     9 ||   155
       War axe           |       |       |    39 |       |       ||    39
       Quarterstaff      |       |       |    15 |       |       ||    15
       Battleaxe         |       |       |    89 |   290 |    33 ||   412
       Broad axe         |       |       |       |    84 |       ||    84
Throw: Tomahawk          |       |       |       |    57 |    12 ||    69
       Javelin           |       |       |       |   100 |     2 ||   102
Invok: Berserk           |     1 |     1 |     3 |     7 |     1 ||    13
       Burn Spellbooks   |       |       |     1 |     5 |       ||     6
Evoke: Wand              |       |       |       |     7 |       ||     7
       Phial of floods   |       |       |       |     1 |       ||     1
  Use: Scroll            |       |     2 |     8 |     9 |       ||    19
       Potion            |       |       |     5 |     7 |     1 ||    13
 Stab: Sleeping          |     1 |       |       |       |       ||     1
  Eat: Chunk             |    14 |     6 |    22 |    43 |       ||    85
       Ration            |       |       |       |     1 |       ||     1
Armor: Animal skin       |    19 |       |       |       |       ||    19
       Chain mail        |    40 |    95 |   144 |   231 |    11 ||   521
Dodge: Dodged            |    52 |    85 |   129 |   218 |    14 ||   498
